cohdb
Replays
Latest Replays
All Replays
Popular Replays
Top Player Replays
Match Explorer
How It Works
Community
CoH3 Stats
Reddit
Sign in to upload your games and track your stats! →
Sign in with Steam
Match 32864109
Unlisted
Match 32864109
Overview
Messages
Build Orders
End
Pioneer Squad
Selects Italian Coastal Battlegroup
Selects Coastal Reserves
Coastal Reserve
Coastal Reserve
Coastal Reserve
Construct Infanterie Kompanie
MG 42 Machine Gun Team
Construct Luftwaffe Kompanie
221 Scout Car
Selects Artillery Officer
Artillery Officer
Flak 30 Anti-aircraft Gun Team
Jäger Squad
Selects Support Bunkers
Selects Designated Artillery Overwatch
Medical Bunker
Support Elements
Wirbelwind Flakpanzer
Designated Artillery Overwatch
Marder III M Tank Destroyer
Artillery Officer
Selects Coastal Wall
Selects Bulwark
Marder III M Tank Destroyer
Jäger Squad
Designated Artillery Overwatch
el campo
Доктор Гувер[POINTRUNNER]
MaXiS
Nicilobster
Crossea
catchitin
0
0
Comments
sign in to comment!
No comments posted yet!